Map: Frostline LE

Players

HeroMarine

  • Race: Terran Terran
  • Spawn Location: 1:00

LiquidClem (Clem) - Winner!

  • Race: Terran Terran
  • League: Grandmaster
  • Spawn Location: 7:00

Event: HomeStory Cup XXVI

VOD

Have the link to the VOD?

Description

Time

  • Played on: Nov. 30, 2024, 9:42 a.m.
  • Length: 7:26
Show
View Real Time Build Order
Export as new Build Order

HeroMarine Terran 

Build Orders:  

Get SALT Encoding   

  12  0:00  SCV  
  13  0:12  SCV  
  14  0:17  Supply Depot  
  14  0:24  SCV  
  15  0:38  SCV  
  15  0:40  Barracks  
  16  0:43  Refinery  
  16  0:50  SCV  
  16  0:52  Refinery  
  17  1:02  SCV  
  18  1:15  SCV  
  19  1:27  Orbital Command, Reaper  
  20  1:37  Supply Depot  
  20  1:40  Factory  
  20  1:52  SCV  
  21  1:59  Reaper  
  22  2:04  SCV  
  23  2:15  Command Center  
  23  2:16  SCV  
  24  2:24  Hellion  
  24  2:29  SCV  
  27  2:35  Starport  
  27  2:36  Barracks Reactor  
  27  2:41  SCV  
  28  2:44  Supply Depot  
  28  2:47  Factory Tech Lab  
  28  2:53  SCV  
  29  3:05  SCV  
  30  3:06  Cyclone  
  30  3:12  Marine x2  
  33  3:16  Medivac  
  33  3:17  SCV  
  38  3:27  Orbital Command  
  38  3:30  SCV, Marine x2  
  41  3:38  Cyclone  
  41  3:41  Supply Depot  
  44  3:42  SCV  
  44  3:48  Marine x2  
  46  3:52  SCV  
  46  3:54  Starport Tech Lab, SCV  
  49  3:57  Refinery  
  49  4:04  SCV  
  49  4:06  SCV, Marine x2  
  53  4:10  Supply Depot  
  53  4:15  Siege Tank  
  56  4:19  SCV x2  
  57  4:27  Marine x2  
  57  4:28  Raven  
  62  4:31  SCV  
  62  4:32  Supply Depot  
  62  4:33  SCV  
  63  4:43  SCV  
  63  4:44  Marine  
  63  4:45  SCV, Marine  
  66  4:47  Siege Tank  
  70  4:57  SCV  
  70  4:58  SCV  
  72  5:03  Raven  
  72  5:05  Command Center  
  74  5:08  Supply Depot  
  74  5:10  SCV  
  74  5:11  Supply Depot, SCV  
  78  5:23  Refinery  
  78  5:24  SCV x2  
  78  5:28  Supply Depot  
  78  5:29  Siege Tank  
  83  5:36  SCV x2  
  83  5:43  Raven, Interference Matrix  
  83  5:44  Marine x2  
  83  5:48  SCV x2  
  89  5:52  Barracks  
  89  5:53  Engineering Bay, Barracks  
  89  5:54  Engineering Bay  
  89  6:00  SCV  
  89  6:01  SCV, Marine  
  89  6:02  Siege Tank, Marine  
  96  6:07  Supply Depot  
  96  6:13  SCV x2  
  98  6:22  Orbital Command  
  98  6:25  Supply Depot, SCV x2  
  100  6:34  Siege Tank  
  100  6:37  SCV x2  
  105  6:41  Barracks Reactor x2  
  105  6:42  Barracks  
  105  6:43  Barracks  
  105  6:49  SCV x2  
  105  6:50  SCV  
  105  6:52  Supply Depot  
  108  6:58  Marine  
  108  7:01  SCV x2  
  110  7:02  SCV  
  110  7:07  Refinery  
  114  7:08  Refinery  
  114  7:13  SCV x2  
Show
View Real Time Build Order
Export as new Build Order

LiquidClem Terran - Winner!

Build Orders: Reaper Expand 

Get SALT Encoding   

  12  0:00  SCV  
  13  0:12  SCV  
  14  0:16  Supply Depot  
  14  0:24  SCV  
  15  0:38  SCV  
  15  0:40  Barracks  
  16  0:42  Refinery  
  16  0:50  SCV  
  17  1:02  SCV  
  18  1:14  SCV  
  19  1:26  Reaper  
  19  1:27  Orbital Command  
  20  1:37  Command Center  
  20  1:44  Supply Depot  
  20  1:52  SCV  
  21  1:58  Marine  
  22  2:03  Factory  
  22  2:05  SCV  
  23  2:12  Refinery  
  23  2:15  Bunker  
  23  2:18  SCV  
  23  2:20  Marine  
  25  2:30  SCV  
  26  2:38  Marine  
  26  2:43  SCV  
  28  2:47  Factory Tech Lab  
  28  2:48  Starport  
  28  2:50  Orbital Command  
  28  2:56  SCV  
  29  2:59  Barracks Reactor  
  29  3:08  SCV  
  29  3:10  Cyclone  
  33  3:15  SCV  
  33  3:17  Supply Depot, Refinery  
  34  3:20  SCV  
  34  3:24  Starport Tech Lab  
  35  3:27  SCV  
  35  3:32  SCV  
  37  3:36  Marine x2  
  37  3:39  SCV  
  40  3:43  Supply Depot, Raven  
  40  3:47  SCV  
  43  3:51  SCV  
  43  3:54  Marine x2  
  46  3:57  Siege Tank  
  46  3:59  SCV  
  50  4:03  SCV  
  50  4:04  Interference Matrix  
  50  4:06  Supply Depot  
  51  4:11  SCV  
  51  4:13  Marine  
  51  4:14  Marine  
  51  4:15  SCV  
  55  4:23  SCV  
  55  4:24  Raven  
  58  4:27  SCV  
  59  4:32  Command Center  
  59  4:36  SCV  
  60  4:40  Barracks  
  60  4:42  SCV, Factory Reactor  
  61  4:46  Barracks  
  61  4:49  SCV  
  62  4:53  Stimpack  
  62  4:54  SCV  
  62  4:56  Supply Depot  
  63  5:01  Raven, SCV  
  63  5:04  Marine  
  63  5:06  SCV  
  68  5:07  Supply Depot  
  68  5:10  Refinery  
  68  5:13  SCV  
  69  5:19  SCV, Engineering Bay x2  
  70  5:22  Marine  
  70  5:25  Supply Depot, SCV  
  72  5:28  Marine x2  
  72  5:33  SCV  
  75  5:37  SCV  
  75  5:40  Siege Tank, Marine x2  
  75  5:41  Marine  
  82  5:44  Starport Reactor  
  82  5:46  Orbital Command  
  82  5:51  Marine  
  82  5:52  Marine  
  84  5:57  Supply Depot  
  84  5:58  SCV x2  
  84  5:59  Marine  
  84  6:00  Marine  
  84  6:02  Marine  
  88  6:10  Barracks  
  88  6:12  Barracks  
  88  6:13  SCV x2  
  88  6:16  Siege Tank  
  88  6:18  Marine x2  
  94  6:20  Marine x2  
  94  6:22  Orbital Command, Marine  
  94  6:25  Medivac  
  100  6:26  Medivac  
  100  6:29  SCV  
  100  6:31  SCV  
  102  6:37  Supply Depot  
  102  6:38  Marine x2  
  104  6:40  Marine  
  104  6:41  SCV, Marine x2  
  108  6:47  SCV  
  108  6:48  SCV  
  108  6:51  Siege Tank  
  113  6:54  SCV  
  113  6:58  Marine x3  
  113  6:59  SCV, Barracks Reactor  
  113  7:00  Supply Depot, Barracks Reactor  
  113  7:01  Marine x2  
  117  7:05  SCV  
Tags
 
Add a new tag
Caveats
  • Supply blocks, unpowered buildings, or Contaminate may cause inaccurate times.
  • Supply counts are checked every 10 seconds.